cohdb
Replays
Latest Replays
All Replays
Popular Replays
Top Player Replays
Match Explorer
How It Works
Community
CoH3 Stats
Reddit
Sign in to upload your games and track your stats! →
Sign in with Steam
Match 47457549
Unlisted
Match 47457549
Overview
Messages
Build Orders
End
Construct Section Command Post
Selects Canadian Shock Battlegroup
Infantry Section
Infantry Section
Infantry Section
Infantry Section
Grenade Package
Construct Platoon Command Post
Selects Attacking Spirit
Construct Field Infirmary
Humber Armored Car
Jarekk
Krzemyk
United
ttheadventure
0
0
Comments
sign in to comment!
No comments posted yet!